 Dungeon Crawl Stone Soup version 0.27.0-1-g7a089689b8 (webtiles) character file.

Game seed: 1593739553388010003

350 Colgate the Chiller (level 6, -3/45 HPs)
             Began as a Ghoul Ice Elementalist on Aug 13, 2021.
             Was a Priest of Yredelemnul.
             Splashed by Ijyb's acid (9 damage)
             ... on level 4 of the Dungeon.
             The game lasted 00:50:12 (3950 turns).

Colgate the Chiller (Ghoul Ice Elementalist)        Turns: 3950, Time: 00:50:13

Health: -3/45      AC: -1    Str: 12    XL:     6   Next: 61%
Magic:  4/8        EV: 12    Int: 12    God:    Yredelemnul [***...]
Gold:   119        SH:  0    Dex:  9    Spells: 2/9 levels left

rFire    . . .     SeeInvis .   b - +0 spear
rCold    + . .     Faith    .   (no shield)
rNeg     + + +     Spirit   .   m - +0 robe
rPois    ∞         Reflect  .   l - +0 helmet
rElec    .         Harm     .   (no cloak)
rCorr    .         Rampage  .   (no gloves)
Will     .....                  (no boots)
Stlth    ++........             e - amulet of magic regeneration
HPRegen  0.00/turn              (no ring)
MPRegen  0.36/turn              (no ring)

@: corroded, inhibited regen
A: claws 1, cold resistance 1, negative energy resistance 3, inhibited
regeneration, torment resistance 2
a: Renounce Religion, Recall Undead Slaves, Injury Mirror, Animate Dead


You were on level 4 of the Dungeon.
You worshipped Yredelemnul.
Yredelemnul was most pleased with you.
You visited 1 branch of the dungeon, and saw 4 of its levels.
You also visited: Sewer.

You collected 119 gold pieces.

Inventory:

Hand Weapons
 a - a +3 short sword
 b - a +0 spear (weapon)
 u - a +0 short sword of flaming
 v - a +0 short sword of venom
Missiles
 f - 7 boomerangs
 j - 64 stones
 n - 13 arrows
 o - 15 poisoned darts
 q - 17 bolts
Armour
 l - a +0 helmet (worn)
 m - a +0 robe (worn)
Jewellery
 e - an amulet of magic regeneration (around neck)
 k - an amulet of regeneration
Scrolls
 w - a scroll of enchant weapon {unknown}
Potions
 c - 2 potions of lignification {unknown}
 d - a potion of haste
 g - 4 potions of heal wounds {unknown}
 h - 3 potions of mutation {unknown}
 i - a potion of brilliance {unknown}
 p - 2 potions of magic {unknown}
 r - 2 potions of cancellation {unknown}
 s - a potion of might {unknown}
 t - 2 potions of invisibility {unknown}
 x - a potion of berserk rage {unknown}


   Skills:
 - Level 1.7 Dodging
 - Level 2.1 Stealth
 - Level 2.0 Spellcasting
 + Level 7.8 Ice Magic
 - Level 2.5 Invocations


You had 2 spell levels left.
You knew the following spells:

 Your Spells              Type           Power      Damage    Failure   Level
a - Freeze                Ice            80%        1d9       1%          1
b - Frozen Ramparts       Ice            40%        1d6       3%          3
c - Ozocubu's Armour      Ice            20%        N/A       3%          3

Your spell library contained the following spells:

 Spells                   Type           Power      Damage    Failure   Level
 Hailstorm                Conj/Ice       10%        3d5       47%         4


Dungeon Overview and Level Annotations

Branches:
Dungeon (4/15)              Sewer (visited)
 Temple: D:4-7

Altars:
Elyvilon
Yredelemnul

Annotations:
D:4 Ijyb


Innate Abilities, Weirdness & Mutations

You thrive by killing the living.
You are immune to poison.
You have sharp fingernails.
Your flesh is cold resistant. (rC+)
You are immune to negative energy. (rN+++)
You do not regenerate when monsters are visible.
You are immune to unholy pain and torment.


Message History

Confirm with . or Enter, or press ? or * to list all spells.
Aiming: Freeze (safe; 1% risk of failure)
Press: ? - help, Shift-Dir - straight line, f - hound
Aim: a hound (heavily wounded, ally target)
Okay, then.
Unknown command.
You cannot sustain more frozen ramparts right now.
Casting: Frozen Ramparts (dangerous; 3% risk of failure)
Confirm with . or Enter, or press ? or * to list all spells.
Aiming: Freeze (safe; 1% risk of failure)
Press: ? - help, Shift-Dir - straight line, f - hound
Aim: a hound (heavily wounded, ally target)
You freeze the hound!
The hound is almost dead.
The wall freezes the hound.
You kill the hound!
Yredelemnul accepts your kill.
A ball python comes into view.
You call on the dead to rise...
There are no remains here to animate!
Your icy armour and frozen ramparts will break if you move.
Continue?
Okay, then.
Unknown command.
Okay, then.
Your icy armour and frozen ramparts will break if you move.
Continue?
You swap places.
Your icy armour cracks and falls away as you move.
The frozen ramparts melt away as you move.
Ijyb the Twisted Goblin comes into view.
She is wielding a +0 club and carrying a wand of acid (8).
Ijyb drinks a potion.
Ijyb seems to speed up.
There is a stone staircase leading up here.
Ijyb zaps a wand.
The bolt of acid hits your wight.
Your wight is splashed with acid!
The bolt of acid hits you!!
You are splashed with acid!
Ijyb zaps a wand.
The bolt of acid hits your wight!
Your wight is splashed with acid.
The acid corrodes your wight!
Your wight is destroyed!
The bolt of acid hits you!
* * * LOW HITPOINT WARNING * * *
The acid corrodes you!
You are splashed with acid!
You die...
Yredelemnul claims you as an undead slave.

....
..#
#.#
#g#
#.#
#.#
##.#
#).#
#@##
#.#
#.#
#.#
#.#
#..
###


You could see Ijyb (fast).

Vanquished Creatures
  2 kobold brigands (Sewer)
  A hound (D:4)
  An orc priest (D:3)
  4 gnolls (D:2)
  4 adders
  3 river rats (D:3)
  A worm (D:3)
  6 orcs (D:3)
  3 ball pythons
  11 bats
  An endoplasm (D:3)
  2 giant cockroaches (D:1)
  4 goblins
  5 hobgoblins
  12 kobolds
  A quokka (D:2)
  4 frilled lizards
  A kobold zombie (Sewer)
  11 rats
77 creatures vanquished.

Vanquished Creatures (collateral kills)
  A worm (D:3)
  2 ball pythons
  A goblin (D:3)
  A kobold (Sewer)
  A bat (D:3)
  2 frilled lizards
  A kobold zombie (Sewer)
  A rat (Sewer)
10 creatures vanquished.

Vanquished Creatures (others)
  A wight (D:4)
  3 bat zombies (Sewer)
  An adder zombie (D:3)
  2 ball python zombies (D:3)
  3 frilled lizard zombies
  A gnoll zombie (D:2)
  A goblin zombie (D:2)
  A kobold zombie (Sewer)
  4 rat zombies (D:3)
  A river rat zombie (D:3)
  4 fungi (Sewer)
  11 plants (Sewer)
33 creatures vanquished.

Grand Total: 120 creatures vanquished

Notes
Turn   | Place    | Note
-------+----------+-------------------------------------------
     0 | D:1      | Colgate the Ghoul Ice Elementalist began the quest for the
                  | Orb.
     0 | D:1      | Reached XP level 1. HP: 14/14 MP: 2/2
   230 | D:1      | Reached XP level 2. HP: 20/20 MP: 1/3
   442 | D:1      | Reached skill level 5 in Ice Magic
   765 | D:1      | Found a faded altar of an unknown god.
   774 | D:1      | Became a worshipper of Yredelemnul the Dark
   774 | D:1      | Reached * piety under Yredelemnul
  1217 | D:2      | Reached XP level 3. HP: 20/26 MP: 0/4
  1221 | D:2      | Learned a level 3 spell: Frozen Ramparts
  1991 | D:2      | Reached skill level 6 in Ice Magic
  1991 | D:2      | Reached XP level 4. HP: 33/33 MP: 1/5
  2327 | D:2      | Learned a level 3 spell: Ozocubu's Armour
  2737 | D:3      | Reached ** piety under Yredelemnul
  2836 | D:3      | Reached XP level 5. HP: 30/38 MP: 5/7
  3088 | D:3      | Found a glowing drain.
  3092 | Sewer    | Entered a sewer
  3426 | Sewer    | Reached skill level 7 in Ice Magic
  3493 | Sewer    | Noticed a kobold brigand
  3493 | Sewer    | Noticed a kobold brigand
  3494 | Sewer    | Reached *** piety under Yredelemnul
  3498 | Sewer    | Killed a kobold brigand
  3503 | Sewer    | Killed a kobold brigand
  3504 | Sewer    | Reached XP level 6. HP: 38/45 MP: 2/8
  3614 | D:3      | Received a gift from Yredelemnul (a wight)
  3946 | D:4      | Noticed Ijyb
  3950 | D:4      | Splashed by Ijyb's acid

Illustrated notes

Levels and vault maps discovered:
D:1:      evilmike_arrival_fibonacci_small, layout_basic,
          dreamdust_ecumenical_altar_grove
D:2:      layout_basic, minmay_distorted
D:3:      layout_rooms, overflow_temple_1_default, lightli_sewer_entry_pipes
D:4:      layout_basic, grunt_temple_overflow_order_and_chaos_1,
          okawaru_ov_weapons_minmay, minmay_temple_entry_mini_moons, uniq_ijyb

Skill      XL: |  1  2  3  4  5 |
---------------+----------------+-----
Ice Magic      | 5 6 7 |  7.8
Spellcasting   | 2 |  2.0
Invocations    | 2 |  2.5
Dodging        | |  1.7
Stealth        | |  2.1

Action                   |  1- 3 |  4- 6 || total
-------------------------+-------+-------++-------
Melee: Unarmed           |     3 |       ||     3
       Spear             |     8 |    35 ||    43
       Mace              |     1 |     1 ||     2
       Short sword       |       |     8 ||     8
Throw: Stone             |       |     2 ||     2
       Boomerang         |       |     6 ||     6
 Cast: Freeze            |    36 |    10 ||    46
       Frozen Ramparts   |     6 |    34 ||    40
       Ozocubu's Armour  |       |    13 ||    13
Invok: Animate Remains   |     4 |    29 ||    33
       Animate Dead      |       |     3 ||     3
  Use: Scroll            |       |     3 ||     3
 Stab: Sleeping          |     4 |     1 ||     5
       Distracted        |       |     1 ||     1
Armor: Robe              |    10 |    18 ||    28
Dodge: Dodged            |    15 |    32 ||    47
